 Dungeon Crawl Stone Soup version 0.23.2-1-ga50397a6bc (webtiles) character file.

Game seed: 3048355252421388818

13714 MachJacob the Basher (level 12, -8/77 HPs)
             Began as a Gargoyle Fighter on Apr 30, 2019.
             Was a High Priest of Trog.
             Engulfed by a fire crab's flame (14 damage)
             ... in a volcano.
             The game lasted 00:45:12 (11906 turns).

MachJacob the Basher (Gargoyle Fighter)            Turns: 11906, Time: 00:45:12

Health: -8/77      AC: 21    Str: 25    XL:     12   Next: 8%
Magic:  12/12      EV:  9    Int:  9    God:    Trog [*****.]
Gold:   652        SH: 13    Dex: 18    Spells: 11/11 levels left

rFire    . . .     SeeInvis .   a - +7 flail of Conformity {crush, rN+ Stlth+}
rCold    . . .     Gourm    .   c - +0 shield
rNeg     + + .     Faith    +   O - +1 ring mail "Waoss" {rCorr Str-4 Dex-3 Slay+6}
rPois    ∞         Spirit   .   (no helmet)
rElec    +         Reflect  .   z - +2 cloak of Muap {*Contam Dex+5}
rCorr    +         Harm     .   B - +0 pair of gloves
MR       .....                  (no boots)
Stlth    ++........             g - amulet of faith
HPRegen  0.22/turn              C - +6 ring of dexterity
MPRegen  0.13/turn              D - +5 ring of strength

@: no status effects
A: negative energy resistance 1, electricity resistance, unbreathing,
petrification resistance, rot immunity, AC +8
a: Berserk, Trog's Hand, Brothers in Arms, Renounce Religion


You were in a volcano.
You worshipped Trog.
Trog was extremely pleased with you.
You were not hungry.

You visited 3 branches of the dungeon, and saw 14 of its levels.
You also visited: Volcano.

You collected 652 gold pieces.

Inventory:

Hand Weapons
 a - the +7 flail of Conformity (weapon) {crush, rN+ Stlth+}
   (You found it on level 11 of the Dungeon)

   It inflicts extra damage upon your enemies.
   It protects you from negative energy.
   It makes you more stealthy.
 b - a +0 hunting sling
 x - a +1 mace of protection
 U - a +1 flail of crushing
Missiles
 e - 389 stones (quivered)
 E - 99 sling bullets
Armour
 c - a +0 shield (worn)
 n - a +0 scale mail
 z - the +2 cloak of Muap (worn) {*Contam Dex+5}
   (You found it on level 6 of the Dungeon)

   It affects your dexterity (+5).
   It causes magical contamination when unequipped.
 B - a +0 pair of gloves (worn)
 O - the +1 ring mail "Waoss" (worn) {rCorr Str-4 Dex-3 Slay+6}
   (You found it on level 9 of the Dungeon)

   It affects your strength (-4).
   It affects your dexterity (-3).
   It affects your accuracy and damage with ranged weapons and melee attacks
   (+6).
   It provides partial protection from all sources of acid and corrosion.
 T - a +0 chain mail
Jewellery
 g - an amulet of faith (around neck)
 t - a +2 amulet of reflection {unknown}
 u - an uncursed amulet of magic regeneration {unknown}
 y - an uncursed amulet of the acrobat {unknown}
 A - an uncursed amulet of the acrobat {unknown}
 C - a +6 ring of dexterity (left hand)
 D - a +5 ring of strength (right hand)
 F - an uncursed amulet of guardian spirit {unknown}
 P - an uncursed ring of ice
Wands
 L - a wand of scattershot (7)
 N - a wand of digging (8)
 Q - a wand of flame (10)
 R - a wand of random effects (24)
 W - a wand of acid (13)
Scrolls
 h - 2 scrolls of immolation
 i - 3 scrolls of teleportation
 k - a scroll of fog
 m - a scroll of fear
 o - 7 scrolls of identify
 q - a scroll of random uselessness {unknown}
 r - a scroll of amnesia
 v - 3 scrolls of remove curse
 I - 2 scrolls of noise {unknown}
 J - a scroll of enchant armour {unknown}
 K - a scroll of magic mapping {unknown}
 S - a scroll of holy word
Potions
 d - 3 potions of might
 j - 6 potions of curing {unknown}
 l - 3 potions of heal wounds {unknown}
 p - 2 potions of lignification {unknown}
 s - 3 potions of brilliance {unknown}
 w - a potion of degeneration {unknown}
 G - 2 potions of haste {unknown}
 H - a potion of agility {unknown}
 M - a potion of ambrosia {unknown}
Comestibles
 f - 11 rations
 V - 5 chunks of flesh


   Skills:
 + Level 10.0 Fighting
 * Level 12.1 Maces & Flails
 + Level 10.0 Armour
 + Level 10.0 Shields


You had 11 spell levels left.
You didn't know any spells.
Your spell library was empty.

Dungeon Overview and Level Annotations

Branches:
Dungeon (12/15)            Temple (1/1) D:4            Lair (1/6) D:10
    Orc (0/2) D:9

Altars:
Ashenzari
Cheibriados
Dithmenos
Elyvilon
Fedhas
Gozag
Hepliaklqana
Kikubaaqudgha
Makhleb
Nemelex Xobeh
Okawaru
Qazlal
Ru
Sif Muna
Trog
Uskayaw
Vehumet
Wu Jian
Xom
Yredelemnul
Zin
The Shining One

Shops:
D:8 !   D:9 }

Annotations:
D:2 exclusion: downstairs
D:10 2 transporters


Innate Abilities, Weirdness & Mutations

You are resistant to torment.
Your stone body is resilient. (AC +8)
You are immune to poison.
You resist negative energy. (rN+)
You are resistant to electric shocks. (rElec)
You can survive without breathing.
You are immune to petrification.
You are immune to rotting.


Message History

Your ogre dies!
Your ogre's corpse disappears in a puff of smoke!
The air gets thick with the scent of sulphur.
The fire crab breathes flames at you.
You are engulfed in blazing flames.
* * * LOW HITPOINT WARNING * * *
Your skin stops crawling.
You feel less resistant to hostile enchantments.
In the distance, the volcano erupts with a roar.
The fire crab breathes flames at you.
You are engulfed in blazing flames.
* * * LOW HITPOINT WARNING * * *
A steam dragon comes into view.
Your ogre goes berserk!
You feel somewhat more hungry.
The steam dragon hisses angrily.
The fire crab breathes flames at you. The blast of flame misses you.
You are engulfed in blazing flames.
You die...

#. #### ##. #.§##
#..#######..####
#...#####..†.....°.....##
#........t°≈≈≈≈≈§§§....
###.....§≈≈°§≈≈≈§≈....#
##.○.○§§°○≈≈≈≈≈§≈≈...
#○O°.§§§°≈≈§≈§≈≈....
##°○○§§§≈≈§≈§§≈≈§...
##@○§§≈≈≈§§§≈≈≈....
##...≈≈≈§≈≈≈..§.#.
#....D........#.#
#...##..###...##.
#.####### ##### # ##. #.
##


You could see a fire crab, a steam dragon and a friendly ogre (berserk).

Vanquished Creatures
  Fannar (D:11)
  A two-headed ogre (D:12)
  Erica (D:11)
  A hell hog (Volcano)
  2 ugly things
  A spiny frog (Lair:1)
  A komodo dragon (Lair:1)
  A hippogriff (D:11)
  Prince Ribbit (D:8)
  A shadow (D:12)
  A wraith (D:10)
  11 yaks
  A vampire (D:12)
  A wyvern (D:9)
  A fire bat (Volcano)
  A hungry ghost (D:11)
  3 water moccasins
  A hell hound (Volcano)
  7 porcupines
  2 sky beasts
  A black bear (D:11)
  4 orc warriors
  An ice beast (D:6)
  2 phantoms
  2 centaurs
  A crocodile (Lair:1)
  5 ogres
  A big kobold (D:11)
  13 bullfrogs
  A scorpion (D:7)
  8 wights
  2 howler monkeys (D:6)
  3 centaur zombies
  5 crimson imps
  4 bullfrog zombies
  3 hounds
  8 orc priests
  2 bullfrog skeletons (D:4)
  3 centaur skeletons
  3 iguanas
  8 orc wizards
  13 worker ants
  A killer bee zombie (D:7)
  A hound zombie (D:6)
  2 hound skeletons
  A howler monkey zombie (D:5)
  2 worker ant zombies
  10 gnolls
  A howler monkey skeleton (D:6)
  12 adders
  3 shadow imps
  2 worms
  2 dart slugs
  7 leopard geckos
  32 orcs
  9 bats
  4 giant cockroaches
  8 goblins
  6 hobgoblins
  4 jackals (D:1)
  3 quokkas
  2 ball pythons
  A ball python zombie (D:5)
  A frilled lizard (D:1)
  23 kobolds
  2 leopard gecko skeletons
  9 rats
281 creatures vanquished.

Vanquished Creatures (collateral kills)
  2 cyclopes (D:12)
  An acid dragon (D:12)
  A bullfrog (D:12)
4 creatures vanquished.

Vanquished Creatures (others)
  6 fungi (D:10)
6 creatures vanquished.

Grand Total: 291 creatures vanquished

Notes
Turn   | Place    | Note
-------+----------+-------------------------------------------
     0 | D:1      | MachJacob the Gargoyle Fighter began the quest for the Orb.
     0 | D:1      | Reached XP level 1. HP: 14/14 MP: 1/1
    37 | D:1      | Reached XP level 2. HP: 15/19 MP: 2/2
   469 | D:1      | Reached XP level 3. HP: 23/23 MP: 3/3
   525 | D:1      | You fall through a shaft!
   622 | D:2      | Found a bloodstained altar of Trog.
   622 | D:2      | Found a blossoming altar of Fedhas.
   623 | D:2      | Found a stormy altar of Qazlal.
   638 | D:2      | Became a worshipper of Trog the Wrathful
   712 | D:2      | Reached XP level 4. HP: 29/29 MP: 4/4
  1164 | D:2      | Reached skill level 3 in Maces & Flails
  1652 | D:3      | Reached * piety under Trog
  1804 | D:3      | Reached XP level 5. HP: 33/33 MP: 5/5
  1961 | D:3      | Reached XP level 6. HP: 36/39 MP: 6/6
  1966 | D:3      | Reached skill level 4 in Maces & Flails
  2753 | D:4      | Found a staircase to the Ecumenical Temple.
  2854 | D:4      | Reached XP level 7. HP: 42/44 MP: 7/7
  2867 | D:4      | Reached ** piety under Trog
  2877 | D:4      | Reached skill level 5 in Fighting
  2948 | D:4      | Reached skill level 5 in Maces & Flails
  3008 | D:4      | Identified the +9 chain mail of the Journeyman {+Fly rF+}
  3019 | D:4      | Reached skill level 5 in Armour
  3055 | D:4      | Reached skill level 5 in Shields
  3392 | D:5      | Entered Level 5 of the Dungeon
  3484 | D:5      | Found a snail-covered altar of Cheibriados.
  3799 | D:5      | Found a hazy altar of Hepliaklqana.
  3830 | D:5      | Reached XP level 8. HP: 48/50 MP: 8/8
  4020 | D:5      | Reached skill level 6 in Maces & Flails
  4093 | D:5      | Noticed a troll
  4388 | D:6      | Reached skill level 7 in Maces & Flails
  4403 | D:6      | Found a basalt altar of Yredelemnul.
  4479 | D:6      | Reached XP level 9. HP: 51/56 MP: 9/9
  4487 | D:6      | Got an encrusted cloak
  4493 | D:6      | Identified the +2 cloak of Muap {*Contam Dex+5} (You found
                  | it on level 6 of the Dungeon)
  4530 | D:6      | Reached *** piety under Trog
  5491 | D:7      | Found a shimmering altar of Xom.
  5535 | D:7      | Reached skill level 8 in Maces & Flails
  5990 | D:7      | Found a snail-covered altar of Cheibriados.
  6510 | D:8      | Found a hide-covered altar of Uskayaw.
  6736 | D:8      | Noticed Prince Ribbit
  6755 | D:8      | Killed Prince Ribbit
  6874 | D:8      | Found Senipratui's Distillery.
  7101 | D:8      | Found a shadowy altar of Dithmenos.
  7113 | D:8      | Reached **** piety under Trog
  7215 | Temple   | Entered the Ecumenical Temple
  7665 | D:9      | Found Agreac's Gadget Shop.
  7917 | D:9      | Reached skill level 9 in Maces & Flails
  7917 | D:9      | Reached XP level 10. HP: 43/63 MP: 10/10
  8063 | D:9      | Found a staircase to the Orcish Mines.
  8326 | D:9      | Got a translucent ring mail
  8334 | D:9      | Identified the +1 ring mail "Waoss" {rCorr Str-4 Dex-3
                  | Slay+6} (You found it on level 9 of the Dungeon)
  8637 | D:10     | Entered Level 10 of the Dungeon
  8951 | D:10     | Found a staircase to the Lair.
  9001 | D:10     | Found a transporter.
  9003 | D:10     | Noticed a fire crab
  9032 | D:10     | Found a transporter.
  9392 | D:10     | Got a transparent ring mail
  9393 | D:10     | Identified the +3 ring mail "Figgeugo" {Int+4} (You found
                  | it on level 10 of the Dungeon)
  9716 | D:10     | Reached skill level 10 in Maces & Flails
  9807 | D:11     | Noticed a cyan ugly thing
  9830 | D:11     | Killed a cyan ugly thing
  9850 | D:11     | Noticed Erica
 10363 | D:11     | Noticed Fannar
 10382 | D:11     | Killed Fannar
 10382 | D:11     | Reached ***** piety under Trog
 10382 | D:11     | Reached XP level 11. HP: 69/69 MP: 11/11
 10711 | D:11     | Killed Erica
 10810 | D:11     | Got a fine flail
 10811 | D:11     | Identified the +7 flail of Conformity {crush, rN+ Stlth+}
                  | (You found it on level 11 of the Dungeon)
 10868 | D:12     | Noticed a brown ugly thing
 10871 | D:12     | Killed a brown ugly thing
 10871 | D:12     | Reached skill level 11 in Maces & Flails
 10961 | D:12     | Noticed a cyclops
 10964 | D:12     | Noticed a cyclops
 10975 | D:12     | Killed a cyclops
 10980 | D:12     | Killed a cyclops
 11153 | D:12     | Noticed a two-headed ogre
 11153 | D:12     | Noticed a skeletal warrior
 11153 | D:12     | Noticed a four-headed hydra
 11178 | D:12     | Noticed a centaur warrior
 11230 | D:12     | Killed a two-headed ogre
 11338 | Lair:1   | Entered Level 1 of the Lair of Beasts
 11700 | Lair:1   | Found a dark tunnel.
 11742 | Lair:1   | Reached XP level 12. HP: 64/77 MP: 12/12
 11746 | Lair:1   | Reached skill level 10 in Fighting
 11806 | Lair:1   | Reached skill level 12 in Maces & Flails
 11819 | Volcano  | Entered a volcano
 11872 | Volcano  | Noticed a hell hog
 11881 | Volcano  | Reached skill level 10 in Armour
 11881 | Volcano  | Reached skill level 10 in Shields
 11890 | Volcano  | Killed a hell hog
 11906 | Volcano  | Engulfed by a fire crab's flame

Skill      XL: |  1  2  3  4  5  6  7  8  9 10 11 12 |
---------------+-------------------------------------+-----
Maces & Flails | 3 4 5 7 9 10 11 12 | 12.1
Fighting       | 4 5 6 7 8 9 10 | 10.0
Armour         | 4 5 6 7 8 9 10 | 10.0
Shields        | 4 5 6 7 8 9 10 | 10.0

Action                   |  1- 3 |  4- 6 |  7- 9 | 10-12 || total
-------------------------+-------+-------+-------+-------++-------
Melee: Flail             |   141 |   187 |   432 |   262 ||  1022
 Fire: Hunting sling     |       |    27 |    23 |    37 ||    87
Throw: Stone             |    16 |    11 |    24 |    15 ||    66
Invok: Berserk           |       |     1 |     3 |     6 ||    10
       Trog's Hand       |       |       |     2 |     2 ||     4
       Brothers in Arms  |       |       |       |     4 ||     4
  Use: Scroll            |       |     1 |     4 |     7 ||    12
  Eat: Chunk             |       |     8 |    10 |    14 ||    32
       Ration            |       |       |     3 |     2 ||     5
Armor: Scale mail        |    74 |    90 |   203 |     8 ||   375
       Ring mail         |       |       |       |    72 ||    72
Dodge: Dodged            |    47 |    57 |   115 |    51 ||   270
Block: Shield            |    89 |   119 |   214 |   123 ||   545
